 Dungeon Crawl Stone Soup version 0.23.2-30-g0e89c35649 (webtiles) character file.

Game seed: 2329216457698290340

31 iesmar the Sneak (level 3, 0/27 HPs)
             Began as a Vampire Assassin on June 10, 2019.
             Succumbed to poison (magical storm)
             ... on level 2 of the Dungeon.
             The game lasted 00:14:09 (996 turns).

iesmar the Sneak (Vampire Assassin)                  Turns: 996, Time: 00:14:10

Health: 0/27       AC:  4    Str: 10    XL:     3   Next: 7%
Magic:  3/3        EV: 11    Int: 11    God:
Gold:   42         SH:  0    Dex: 16    Spells: 2/2 levels left

rFire    . . .     SeeInvis +   a - +2 dagger
rCold    . . .     Gourm    .   (no shield)
rNeg     + . .     Faith    .   l - +0 leather armour
rPois    .         Spirit   .   (no helmet)
rElec    .         Reflect  .   d - +0 cloak
rCorr    .         Harm     .   (no gloves)
MR       .....                  (no boots)
Stlth    ++........             (no amulet)
HPRegen  0.09/turn              (no ring)
MPRegen  0.08/turn              (no ring)

@: lethally poisoned (0 -> -6), contaminated, glowing
A: fangs 3, see invisible, dopey 1, unbreathing
a: Bat Form


You were on level 2 of the Dungeon.
You were not thirsty.

You visited 1 branch of the dungeon, and saw 2 of its levels.

You collected 42 gold pieces.

Inventory:

Hand Weapons
 a - a +2 dagger (weapon)
 b - a +0 blowgun
Missiles
 e - 8 poisoned needles
 f - 2 curare-tipped needles
Armour
 c - a +0 robe
 d - a +0 cloak (worn)
 l - a +0 leather armour (worn)
Scrolls
 h - a scroll of identify {unknown}
 j - 3 scrolls of teleportation {unknown}
 k - a scroll of fear {unknown}
Potions
 g - 12 potions of blood
 i - a potion of might {unknown}
 m - a potion of flight {unknown}
 n - a potion of heal wounds {unknown}


   Skills:
 + Level 1.7 Fighting
 + Level 2.5 Short Blades
 - Level 1.5 Throwing
 + Level 1.1 Dodging
 * Level 7.3 Stealth


You had 2 spell levels left.
You didn't know any spells.
Your spell library was empty.

Dungeon Overview and Level Annotations

Branches:
Dungeon (2/15)

Altars:


Innate Abilities, Weirdness & Mutations

You have razor-sharp teeth.
You have supernaturally acute eyesight. (SInv)
You can survive without breathing.
You are dopey. (Int -2)


Message History

You start resting.
Your body shudders with the violent release of wild energies!
The magical storm engulfs you!
You start resting.
You hear an angry hiss.
You hear a shout! x2
A kobold comes into view.
You see here 25 stones.
You start resting.
The kobold is too close now for your liking.
Your body shudders with the violent release of wild energies!
The magical storm engulfs you!
You are poisoned.
Ouch! That really hurt!
* * * LOW HITPOINT WARNING * * *
You feel stupid.
* * * LOW HITPOINT WARNING * * *
You feel sick.
You hear an angry hiss.
You hear a shout!
The teleport trap disappears.
The kobold disappears!
You die...

#...............................
#.......#############......(....
#.......# ############
#####....############## #
#....>................. #
.###..).##....######## #
#....##....# ##.## #
#....##....#######...... #
#...........@..(........ .
#.#####....#######..ยง... #.
#....# ..... #. #....# .... #.
.......# ... ........# .K
........# . ........#


There were no monsters in sight!

Vanquished Creatures
  2 leopard geckos (D:1)
  A ball python (D:1)
  A giant cockroach (D:1)
  5 goblins (D:1)
  4 hobgoblins (D:1)
  7 bats (D:1)
  4 frilled lizards
  A kobold (D:2)
  3 rats (D:1)
28 creatures vanquished.

Notes
Turn   | Place    | Note
-------+----------+-------------------------------------------
     0 | D:1      | iesmar the Vampire Assassin began the quest for the Orb.
     0 | D:1      | Reached XP level 1. HP: 16/16 MP: 1/1
    81 | D:1      | Reached skill level 6 in Stealth
   197 | D:1      | Reached XP level 2. HP: 22/22 MP: 2/2
   419 | D:1      | Reached skill level 7 in Stealth
   754 | D:1      | Reached XP level 3. HP: 26/27 MP: 3/3
   994 | D:2      | Gained mutation: You are dopey. (Int -2) [mutagenic glow]
   995 | D:2      | HP: 1/27 [poison (magical storm)]
   996 | D:2      | Succumbed to poison (magical storm)

Skill      XL: |  1  2 |
---------------+-------+-----
Stealth        | 6 7 |  7.3
Fighting       | |  1.7
Short Blades   | |  2.5
Throwing       | |  1.5
Dodging        | |  1.1

Action                   || total
-------------------------++-------
Melee: Dagger            ||    43
       Bite              ||     2
 Fire: Blowgun           ||     1
 Stab: Sleeping          ||    11
Armor: Robe              ||     3
       Leather armour    ||     6
Dodge: Dodged            ||    22
